 Dungeon Crawl Stone Soup version 0.27-a0-1228-gfd60fd639a (webtiles) character file.

Game seed: 6775137818967594514

56 HendSelp the Twirler (level 3, 0/29 HPs)
             Began as a Draconian Gladiator on June 8, 2021.
             Succumbed to an adder's poison
             ... on level 3 of the Dungeon.
             The game lasted 00:06:45 (2015 turns).

HendSelp the Twirler (Draconian Gladiator)          Turns: 2015, Time: 00:06:46

Health: 0/29       AC:  7    Str: 14 (17) XL:     3   Next: 69%
Magic:  3/3        EV: 12    Int:  5 (8)  God:
Gold:   78         SH:  0    Dex:  9 (12) Spells: 2/2 levels left

rFire    . . .     SeeInvis .   a - +1 quarterstaff
rCold    . . .     Faith    .   (shield currently unavailable)
rNeg     . . .     Spirit   .   (armour unavailable)
rPois    .         Reflect  .   b - +2 hat
rElec    .         Harm     .   e - scarf {repulsion}
rCorr    .         Rampage  .   (no gloves)
Will     .....                  (no boots)
Stlth    +.........             (no amulet)
HPRegen  0.09/turn              (no ring)
MPRegen  0.08/turn              (no ring)

@: lethally poisoned (0 -> -3), repel missiles
A: AC +5, unfitting armour, cold-blooded
a: no special abilities


You were on level 3 of the Dungeon.
You visited 1 branch of the dungeon, and saw 4 of its levels.

You collected 78 gold pieces.

Inventory:

Hand Weapons
 a - a +1 quarterstaff (weapon)
Missiles
 c - 3 throwing nets (quivered)
Armour
 b - a +2 hat (worn)
 e - a scarf of repulsion (worn)
Scrolls
 j - a scroll of enchant armour


   Skills:
 - Level 2.1 Fighting
 + Level 4.7 Staves
 - Level 1.7 Throwing
 - Level 2.6 Dodging


You had 2 spell levels left.
You didn't know any spells.
Your spell library was empty.

Dungeon Overview and Level Annotations

Branches:
Dungeon (4/15)
 Temple: D:4-7

Altars:
Zin

Shops:
D:3 ?


Innate Abilities, Weirdness & Mutations

Your plain brown scales are hard. (AC +5)
You cannot fit into any form of body armour.
You are cold-blooded and may be slowed by cold attacks.


Message History

Unknown command.
Unknown command.
You feel better. The adder misses you. The gnoll closely misses you.
The hobgoblin barely misses you. The adder barely misses you.
Unknown command.
The gnoll closely misses you. The goblin hits you but does no damage.
The adder misses you. The hobgoblin closely misses you.
You climb upwards.
There is a stone staircase leading down here.
Unknown command.
Unknown command.
As you read the scroll of teleportation, it crumbles to dust.
You feel strangely unstable. The gnoll barely misses you.
The goblin barely misses you. The adder barely misses you.
The hobgoblin hits you.
The gnoll shaman hits you with a +0 club.
Unknown command.
You barely miss the adder.
Your tail-slap misses the adder.
The adder bites you but does no damage. The gnoll hits you with a +0 flail.
* * * LOW HITPOINT WARNING * * *
The goblin barely misses you. The hobgoblin barely misses you.
The gnoll shaman hits you but does no damage.
The adder bites you.
* * * LOW HITPOINT WARNING * * *
You are lethally poisoned!
The adder poisons you! The goblin barely misses you.
The gnoll closely misses you.
Unknown command.
Unknown command.
Unknown command.
Unknown command.
Unknown command.
Unknown command.
It was a potion of degeneration.
There was something very wrong with that liquid.
You feel weakened.
You feel dopey.
You feel clumsy.
Your surroundings suddenly seem different.
* * * LOW HITPOINT WARNING * * *
You feel sick.
You die...

#######..###
#######.....##
#........#
#....####.#...
#.####..## #....#
#...#. #....#.##
#....# ###.##
####...## ###....#
#.##
##...####....###
#... #....##..##.#
##.. #....##.###.#
##.# ##.....@.# #.#
#..#
###........###.#
#.##
#............#.#####
#.##
###...)###.........#
#.## #....#
##........####.##
#....#
####..........#
##....#
####..........##
#...###
#.........#.....
#...#
#.##.##<....####


There were no monsters in sight!

Vanquished Creatures
  A hound skeleton (D:2)
  A dart slug (D:2)
  4 orcs (D:3)
  An endoplasm (D:2)
  A giant cockroach (D:1)
  6 goblins
  4 hobgoblins
  3 ball pythons
  3 bats
  2 frilled lizards
  7 kobolds
  2 rats (D:2)
35 creatures vanquished.

Notes
Turn   | Place    | Note
-------+----------+-------------------------------------------
     0 | D:1      | HendSelp the Draconian Gladiator began the quest for the
                  | Orb.
     0 | D:1      | Reached XP level 1. HP: 17/17 MP: 1/1
   397 | D:1      | Found a faded altar of an unknown god.
   652 | D:1      | Reached XP level 2. HP: 24/24 MP: 2/2
   931 | D:2      | Reached skill level 4 in Staves
  1030 | D:2      | Reached XP level 3. HP: 29/29 MP: 3/3
  1460 | D:3      | Found Odghe's Magic Scroll Shop.
  1940 | D:3      | Found a glowing silver altar of Zin.
  2014 | D:3      | HP: 1/29 [poisoned by an adder]
  2015 | D:3      | Succumbed to an adder's poison

Illustrated notes

Levels and vault maps discovered:
D:1:      arrival_zaba_pyramid, layout_basic, hellmonk_ecumenical_altar_blasted
D:2:      layout_rooms, kennysheep_generic_room_6
D:3:      layout_rooms, nicolae_overflow_crystal_walls, serial_shops, shop
D:4:      layout_cave_pools, kennysheep_mini, minmay_rat_hole

Skill      XL: |  1  2 |
---------------+-------+-----
Staves         | 4 |  4.7
Fighting       | |  2.1
Throwing       | |  1.7
Dodging        | |  2.6

Action                   || total
-------------------------++-------
Melee: Quarterstaff      ||    96
       Tailslap          ||    11
  Use: Scroll            ||     7
       Potion            ||     3
 Stab: Sleeping          ||     1
Armor: Skin              ||    49
Dodge: Dodged            ||    71

Table legend: (Time is in decaauts)
 A = Elapsed time spent in this place.
 B = Non-inter-level travel time spent in this place.
 C = Inter-level travel time spent in this place.
 D = Time resting spent in this place.
 E = Time spent auto-exploring this place.
 F = Levels seen in this place.
 G = Mean time per level.
                   A        B        C        D        E       F      G
               +--------+--------+--------+--------+--------+-----+--------+
         Total |   2025 |   1947 |     78 |      0 |   1691 |   4 |  506.2 |
       Dungeon |   2025 |   1947 |     78 |      0 |   1691 |   4 |  506.2 |
               +--------+--------+--------+--------+--------+-----+--------+

Top non-repeatable levels by time:
     D:1: 871 daAuts
     D:2: 589 daAuts
     D:3: 551 daAuts
     D:4: 12 daAuts
